 Dungeon Crawl Stone Soup version 0.18-a0-1778-gadce9fa (webtiles) character file.

77 4thArraOfDagon the Chopper (level 4, 0/61 HPs)
             Began as a Hill Orc Berserker on Apr 16, 2016.
             Was a Follower of Trog.
             Slain by Blork the orc
             ... wielding a +0 war axe
              (3 damage)
             ... on level 6 of the Dungeon.
             The game lasted 00:02:27 (462 turns).

4thArraOfDagon the Chopper (Hill Orc Berserker)      Turns: 462, Time: 00:02:27

Health: 0/61       AC:  2    Str: 25    XL:     4   Next: 33%
Magic:  4/4        EV: 12    Int:  7    God:    Trog [*.....]
Gold:   60         SH:  0    Dex: 10    Spells: 0 memorised, 3 levels left

rFire  . . .     SeeInvis .     a - +0 hand axe
rCold  . . .     Gourm    .     b - +0 animal skin
rNeg   . . .     Faith    .     (no shield)
rPois  .         Spirit   .     (no helmet)
rElec  .         Dismiss  .     (no cloak)
rCorr  .         Reflect  .     (no gloves)
SustAt .         Harm     .     (no boots)
MR     .....                    (no amulet)
Stlth  ..........               (no ring)
                                (no ring)

@: berserking, very quick, not resistant to hostile enchantments, extremely
unstealthy
A: no striking features
a: Berserk, Burn Spellbooks, Renounce Religion


You were on level 6 of the Dungeon.
You worshipped Trog.
Trog was aware of your devotion.
You were not hungry.

You visited 1 branch of the dungeon, and saw 6 of its levels.

You collected 60 gold pieces.

Inventory:

Hand Weapons
 a - a +0 hand axe (weapon)
Armour
 b - a +0 animal skin (worn)
Scrolls
 i - 2 scrolls of noise {unknown}
Comestibles
 c - a bread ration
 g - a beef jerky


   Skills:
 + Level 4.4 Fighting
 * Level 5.5 Axes
 + Level 2.7 Armour
 - Level 1.5 Dodging


You had 3 spell levels left.
You didn't know any spells.

Dungeon Overview and Level Annotations

Branches:
Dungeon (6/15)
 Temple: D:4-7

Altars:
Nemelex Xobeh
Qazlal
Vehumet
Yredelemnul

Annotations:
D:6 Blork the orc


Message History

Unknown command.
Unknown command.
Unknown command.
A red film seems to cover your vision as you go berserk!
You feel yourself moving faster!
You feel mighty!
You feel quite a bit more hungry. Blork the orc barely misses you.
You hit Blork the orc.
Blork the orc is lightly wounded.
Blork the orc gestures at you while chanting.
The puff of frost hits you!
* * * LOW HITPOINT WARNING * * *
You barely miss Blork the orc.
Blork the orc is lightly wounded.
Blork the orc casts a spell at you. The puff of frost hits you!
* * * LOW HITPOINT WARNING * * *
You barely miss Blork the orc.
Blork the orc is lightly wounded.
Blork the orc hits you with a war axe.
You die...

.# #.#
##...##
.. #.#
##+## ##
#o# # #.#
.# #.# ##
#.## #.#
#.###...
#o##.#
...
#...###.#
####.#@#
##o## ###


You could see Blork the orc.

Vanquished Creatures
  2 worker ants (D:6)
  An adder (D:2)
  A shadow imp (D:6)
  2 goblins (D:2)
  A hobgoblin (D:1)
  A quokka (D:3)
  5 kobolds
  A rat (D:1)
14 creatures vanquished.

Notes
Turn   | Place    | Note
--------------------------------------------------------------
     0 | D:1      | 4thArraOfDagon the Hill Orc Berserker began the quest for the Orb.
     0 | D:1      | Reached XP level 1. HP: 19/19 MP: 1/1
    72 | D:2      | Reached XP level 2. HP: 19/27 MP: 2/2
   129 | D:2      | Found a radiant altar of Vehumet.
   129 | D:2      | Found a sparkling altar of Nemelex Xobeh.
   130 | D:2      | Found a basalt altar of Yredelemnul.
   250 | D:2      | Found a stormy altar of Qazlal.
   326 | D:5      | Entered Level 5 of the Dungeon
   336 | D:5      | Noticed a gnoll sergeant
   342 | D:6      | Reached skill level 5 in Axes
   342 | D:6      | Reached XP level 3. HP: 19/33 MP: 3/3
   405 | D:6      | Reached XP level 4. HP: 39/41 MP: 4/4
   424 | D:6      | Noticed Blork the orc
   461 | D:6      | HP: 3/61 [Blork the orc/puff of frost (6)]
   462 | D:6      | Slain by Blork the orc

Vault maps used:
D:1:      dpeg_arrival_arbitrary_b, hangedman_decor_growths
D:2:      nicolae_overflow_quartered_altars
D:3:      tgw_xom, first_bread
D:4:      minmay_temple_entry_crystal_x,
          nicolae_dithmenos_through_a_glass_darkly, uniq_duvessa
D:5:      amethyst_killhole
D:6:      serial_shops, shop_fountains, tso_metal_star, uniq_blork_the_orc

Skill      XL: |  1  2 |
---------------+-------+-----
Fighting       | 4 |  4.4
Axes           | 5 |  5.5
Armour         | |  2.7
Dodging        | |  1.5

Action                   |  1- 3 |  4- 6 || total
-------------------------+-------+-------++-------
Melee: Hand axe          |    40 |     3 ||    43
Invok: Berserk           |     4 |     1 ||     5
  Use: Potion            |       |     3 ||     3
  Eat: Chunk             |     1 |     2 ||     3
Armor: Animal skin       |     4 |       ||     4
Dodge: Dodged            |    40 |     3 ||    43
